 Dungeon Crawl Stone Soup version 0.28-a0-1510-gd0f6b136d3 (webtiles) character file.

Game seed: 17587264016801081465

203 Goblin1989 the Sneak (level 5, -2/41 HPs)
             Began as a Demonspawn Delver on Jan 14, 2022.
             Slain by a goblin (6 damage)
             ... led by Robin
             ... on level 3 of the Dungeon.
             The game lasted 00:05:20 (2175 turns).

Goblin1989 the Sneak (Demonspawn Delver)            Turns: 2175, Time: 00:05:20

Health: -2/41      AC:  5    Str: 24    XL:     5   Next: 51%
Magic:  14/14      EV: 11    Int: 11    God:
Gold:   167        SH:  0    Dex: 15    Spells: 4/4 levels left

rFire   . . .      SeeInvis +   i - +11 hand axe "Hell-Harrower" {venom, rC- rCorr SInv Stlth+}
rCold   x . .      Faith    .   (no shield)
rNeg    . . .      Spirit   .   k - +0 ring mail of Qicwoz {MP+9 Str+4}
rPois   .          Reflect  .   (helmet restricted)
rElec   .          Harm     .   (no cloak)
rCorr   +          Rampage  .   (no gloves)
Will    .....                   (no boots)
Stlth   +++.......              (no amulet)
HPRegen 0.13/turn               r - +6 ring of strength
MPRegen 0.28/turn               (no ring)

@: no status effects
A: horns 1, powered by pain 1, magic regeneration
a: no special abilities


You were on level 3 of the Dungeon.
You visited 1 branch of the dungeon, and saw 5 of its levels.

You collected 167 gold pieces.

Inventory:

Hand Weapons
 a - a +0 short sword
 i - the +11 hand axe "Hell-Harrower" (weapon) {venom, rC- rCorr SInv Stlth+}
   (You found it on level 5 of the Dungeon)

   It poisons the flesh of those it strikes.
   rC:        It makes you vulnerable to cold.
   SInv:      It lets you see invisible.
   rCorr:     It protects you from acid and corrosion.
   Stlth:     It makes you more stealthy.
Armour
 b - a +0 leather armour
 k - the +0 ring mail of Qicwoz (worn) {MP+9 Str+4}
   (You found it on level 4 of the Dungeon)

   Str:       It affects your strength (+4).
   MP:        It affects your magic capacity (+9).
 n - a +0 cloak
Jewellery
 r - a +6 ring of strength (left hand)
Wands
 g - a wand of digging (3) {@v3}
Scrolls
 c - a scroll of fog
 d - a scroll of magic mapping
 e - a scroll of fear
 h - a scroll of summoning {unknown}
 j - 7 scrolls of identify {unknown}
 l - a scroll of teleportation {unknown}
 m - a scroll of enchant armour {unknown}
 q - a scroll of enchant weapon {unknown}
Potions
 f - 2 potions of haste {@q3,}
 o - a potion of mutation {unknown}
 p - a potion of heal wounds {unknown}


   Skills:
 + Level 3.1 Fighting
 - Level 2.3 Short Blades
 * Level 4.2 Axes
 + Level 0.3 Armour
 + Level 1.9 Dodging
 - Level 4.6 Stealth


You had 4 spell levels left.
You didn't know any spells.
Your spell library was empty.

Dungeon Overview and Level Annotations

Branches:
Dungeon (5/15)
 Temple: D:4-7

Altars:
Makhleb

Shops:
D:1 (!   D:3 *

Annotations:
D:3 Robin
D:4 Dowan, Duvessa


Innate Abilities, Weirdness & Mutations

You have a pair of small horns on your head.
You sometimes gain a little power by taking damage.
You regenerate magic rapidly.


Message History

No target in view!
No target in view!
No target in view!
No target in view!
No target in view!
No target in view!
No target in view!
Found an escape hatch in the floor.
There is an escape hatch in the floor here.
A giant cockroach comes into view.
A giant cockroach is nearby!
Ijyb the Twisted Goblin comes into view.
She is wielding a +0 dagger and carrying a wand of paralysis (6).
Found a metallic orange potion.
A goblin and a kobold come into view.
Ijyb shouts!
The kobold shouts!
You hear a shout!
A goblin comes into view. It is wielding a +0 club.
A goblin comes into view. It is wielding a +0 dagger.
The kobold throws a stone.
The stone barely misses you.
A hobgoblin comes into view.
Found Reta's General Store.
Ijyb hits you with a +0 dagger.
The goblin shouts!
You hit Ijyb. Your headbutt misses Ijyb.
Ijyb is lightly wounded.
You hear a shout! x3
Ijyb barely misses you.
The kobold throws a stone.
The stone hits you but does no damage.
You hear a shout!
The goblin shouts!
You hit Ijyb but do no damage.
Ijyb is poisoned.
Ijyb is lightly wounded.
You slash the giant cockroach!
You kill the giant cockroach!
The goblin unwields a +0 dagger.
The goblin wields a +0 hunting sling.
The goblin shoots a stone.
The stone barely misses you. Ijyb hits you but does no damage.
You barely miss Ijyb. Your headbutt misses Ijyb.
Ijyb is lightly wounded.
You hit the kobold.
You kill the kobold!
A goblin comes into view. It is wielding a +0 club.
Ijyb hits you but does no damage.
The goblin shoots a stone.
The stone hits you.
A quokka comes into view.
Robin of the Strong Arm comes into view.
They are wielding a +0 dagger of protection.
Ijyb hits you but does no damage.
You closely miss Ijyb.
Ijyb is moderately wounded.
The goblin shoots a stone.
The stone hits you but does no damage. Ijyb hits you with a +0 dagger.
The goblin shouts!
You hit Ijyb.
Ijyb looks as sick as possible!
Your punch misses Ijyb.
Ijyb is moderately wounded.
You hear a shout! x3
The goblin shoots a stone.
The stone hits you.
Robin roars a battlecry!
The goblins go into a battle-frenzy!
A goblin comes into view. It is wielding a +0 dagger.
A goblin comes into view. It is wielding a +0 club.
Ijyb zaps a wand.
You suddenly lose the ability to move!
The goblin shoots a stone.
The stone hits you. Robin throws the goblin at you! The hobgoblin hits you.
The goblin barely misses you.
Ijyb zaps a wand.
You resist with some effort.
The goblin shoots a stone.
The stone hits you.
You can move again.
You are too injured to fight recklessly!
You are too injured to fight recklessly!
You are too injured to fight recklessly!
You take 21 damage, and have 20/41 hp.
MASSIVE DAMAGE!!
You slash Ijyb!
Ijyb looks as sick as possible!
Ijyb is severely wounded.
You slash the hobgoblin!
You kill the hobgoblin!
You slash the goblin!
You kill the goblin!
A goblin comes into view. It is wielding a +0 club.
Ijyb barely misses you.
The goblin shoots a stone.
The stone hits you.
* * * LOW HITPOINT WARNING * * *
You take 4 damage, and have 16/41 hp.
You slash Ijyb!
You kill Ijyb!
You hit the goblin.
You kill the goblin!
You closely miss the goblin. The goblin hits you with a +0 club.
* * * LOW HITPOINT WARNING * * *
A goblin comes into view. It is wielding a +0 club.
You take 6 damage, and have 10/41 hp.
You slash the goblin!
You kill the goblin!
You hit the quokka. You closely miss the goblin. The quokka barely misses you.
The goblin hits you with a +0 club.
* * * LOW HITPOINT WARNING * * *
Robin throws the goblin at you!
The quokka bites you but does no damage.
You take 1 damage, and have 9/41 hp.
You hit the goblin.
The goblin is poisoned.
Your headbutt misses the goblin.
The goblin is heavily wounded.
You barely miss the goblin. You barely miss the quokka.
The goblin hits you with a +0 club.
* * * LOW HITPOINT WARNING * * *
The goblin hits you with a +0 club.
You die... ███████████████████.██....█ ████

█.......█
....███
█....█.██
....≈≈≈
█.██.█..█
...≈≈≈≈
█.......█
.....∩≈
█..███<.█ █≈≈≈≈
█..█ ███.█
..██≈≈≈███..█ █
█.....)@g...█
█.....)gr...█
██.....g........
█.....g.g..████
█.....g....█
█.......g.██
█..!......█
█..........


You could see Robin, a quokka and 6 goblins.

Vanquished Creatures
  2 orc priests (D:2)
  Ijyb (D:3)
  A hound skeleton (D:4)
  A howler monkey skeleton (D:5)
  3 adders (D:2)
  2 worms (D:2)
  3 dart slugs
  4 orcs (D:2)
  5 ball pythons
  3 endoplasms
  2 giant cockroaches
  5 goblins
  6 hobgoblins
  5 quokkas (D:2)
  A bat (D:2)
  2 frilled lizards
  6 kobolds
  4 rats (D:2)
56 creatures vanquished.

Vanquished Creatures (others)
  2 demonic plants (D:2)
2 creatures vanquished.

Grand Total: 58 creatures vanquished

Notes
Turn   | Place    | Note
-------+----------+-------------------------------------------
     0 | D:5      | Goblin1989 the Demonspawn Delver began the quest for the
                  | Orb.
     0 | D:5      | Reached XP level 1. HP: 18/18 MP: 1/1
    35 | D:5      | Noticed a scorpion
    70 | D:5      | Gained mutation: You sometimes gain a little power by
                  | taking damage. [demonic ancestry]
    70 | D:5      | Reached XP level 2. HP: 9/24 MP: 2/2
   319 | D:5      | Identified the +11 hand axe "Hell-Harrower" {venom, rC-
                  | rCorr SInv Stlth+}
   335 | D:4      | Reached skill level 1 in Axes
   352 | D:4      | Identified the +0 ring mail of Qicwoz {MP+9 Str+4}
   457 | D:4      | Noticed Duvessa
   459 | D:4      | Noticed Dowan
   466 | D:3      | Found a burning altar of Makhleb.
   512 | D:2      | Gained mutation: You have a pair of small horns on your
                  | head. [demonic ancestry]
   512 | D:2      | Reached XP level 3. HP: 29/29 MP: 3/3
   769 | D:2      | Found a faded altar of an unknown god.
   769 | D:2      | Noticed a neqoxec
   841 | D:1      | Found Qageyl's Distillery.
   935 | D:1      | Reached XP level 4. HP: 33/35 MP: 4/4
  1235 | D:1      | Found Nusesum's Antique Weapon Shoppe.
  1725 | D:2      | Gained mutation: You regenerate magic rapidly. [demonic
                  | ancestry]
  1725 | D:2      | Reached XP level 5. HP: 27/41 MP: 5/5
  2162 | D:3      | Noticed Ijyb
  2165 | D:3      | Found Reta's General Store.
  2168 | D:3      | Noticed Robin
  2170 | D:3      | Paralysed by Ijyb for 2 turns
  2173 | D:3      | Killed Ijyb
  2175 | D:3      | Slain by a goblin

Illustrated notes

Levels and vault maps discovered:
D:1:      tarquinn_simple_flora_water_f, layout_basic, serial_shops, shop, shop
D:2:      cheibrodos_pilgrimage, layout_loops_ring,
          dreamdust_ecumenical_altar_sealed_demon, kennysheep_small_spiral
D:3:      layout_basic, nicolae_overflow_hallway_of_the_gods, serial_shops,
          nicolae_shop_waterfront, dk_noncrumbling_3, uniq_robin, uniq_ijyb
D:4:      layout_layer_cave, nicolae_shop_self_help, uniq_duvessa
D:5:      layout_basic, trog_butcher_becter, fedhas_altar_4, uniq_sigmund,
          uniq_blork_the_orc

Skill      XL: |  1  2  3  4 |
---------------+-------------+-----
Short Blades   | 2 |  2.3
Axes           | 1 2 4 |  4.2
Fighting       | |  3.1
Armour         | |  0.3
Dodging        | |  1.9
Stealth        | |  4.6

Action                   |  1- 3 |  4- 6 || total
-------------------------+-------+-------++-------
Melee: Short sword       |     6 |       ||     6
       Hand axe          |    36 |    41 ||    77
       Headbutt          |     4 |     4 ||     8
 Stab: Sleeping          |     6 |     8 ||    14
Armor: Leather armour    |     1 |       ||     1
       Ring mail         |     8 |    12 ||    20
Dodge: Dodged            |    16 |    17 ||    33

Table legend: (Time is in decaauts)
 A = Elapsed time spent in this place.
 B = Non-inter-level travel time spent in this place.
 C = Inter-level travel time spent in this place.
 D = Time resting spent in this place.
 E = Time spent auto-exploring this place.
 F = Levels seen in this place.
 G = Mean time per level.
                   A        B        C        D        E       F      G
               +--------+--------+--------+--------+--------+-----+--------+
         Total |   2188 |   2154 |     34 |    255 |   1402 |   5 |  437.6 |
       Dungeon |   2188 |   2154 |     34 |    255 |   1402 |   5 |  437.6 |
               +--------+--------+--------+--------+--------+-----+--------+

Top non-repeatable levels by time:
     D:2: 1057 daAuts
     D:1: 550 daAuts
     D:5: 323 daAuts
     D:4: 141 daAuts
     D:3: 116 daAuts
